PCL
GRESHAM GOLD SOULS @ LANSING LUGNUTS
10/07/2025
 
TOP OF THE 1ST
Gresham Gold Souls batting - Pitching for Lansing Lugnuts : LHP Juan Barrera
Pitching: LHP Juan Barrera
Batting: SHB Todd Smith 0-0: Ground out 5-3 (Groundball, 15S)
Batting: RHB Manuel Cortéz 0-0: Called Strike
0-1: Fly out, F8 (Flyball, 8LD)
Batting: RHB Arturo Rodríguez 0-0: Called Strike
0-1: Called Strike
0-2: Ball
1-2: SINGLE (Groundball, 4MD)
Batting: RHB Lorenzo Morín 0-0: Ball
1-0: Fielders Choice at 2nd, 6-4 (Groundball, 56)
Top of the 1st over - 0 run(s), 1 hit(s), 0 error(s), 0 left on base; Gresham 0 - Lansing 0
BOTTOM OF THE 1ST
Lansing Lugnuts batting - Pitching for Gresham Gold Souls : RHP Raúl Contreras
Pitching: RHP Raúl Contreras
Batting: RHB David Murray 0-0: Swinging Strike
0-1: DOUBLE (Line Drive, 89M)
Batting: LHB Ricardo Romero 0-0: Ball
1-0: Ball
2-0: Called Strike
2-1: Called Strike
2-2: Strikes out swinging
Batting: LHB Tom Mullins 0-0: Called Strike
0-1: Ball
1-1: Ball
2-1: Called Strike
2-2: Ball
3-2: Strikes out swinging
Batting: RHB Michael Barraclough 0-0: Ball
1-0: Called Strike
1-1: Foul Ball, location: 2F
1-2: Foul Ball, location: 2F
1-2: Foul Ball, location: 2F
1-2: Foul Ball, location: 2F
1-2: Strikes out swinging
Bottom of the 1st over - 0 run(s), 1 hit(s), 0 error(s), 1 left on base; Gresham 0 - Lansing 0
TOP OF THE 2ND
Gresham Gold Souls batting - Pitching for Lansing Lugnuts : LHP Juan Barrera
Batting: RHB Alejandro Martínez 0-0: Ball
1-0: Swinging Strike
1-1: Ball
2-1: Foul Ball, location: 2F
2-2: Foul Ball, location: 2F
2-2: Foul Ball, location: 2F
2-2: Foul Ball, location: 2F
2-2: Strikes out swinging
Batting: RHB Pablo Castillo 0-0: Ball
1-0: Ball
2-0: Called Strike
2-1: Ball
3-1: Ground out 6-3 (Groundball, 6)
Batting: RHB Juan Acuña 0-0: DOUBLE (Flyball, 7LD)
Batting: LHB Bill Smith 0-0: Ball
1-0: Ground out 1-3 (Groundball, 13)
Top of the 2nd over - 0 run(s), 1 hit(s), 0 error(s), 1 left on base; Gresham 0 - Lansing 0
BOTTOM OF THE 2ND
Lansing Lugnuts batting - Pitching for Gresham Gold Souls : RHP Raúl Contreras
Batting: LHB Sam Barnes 0-0: Ball
1-0: Ball
2-0: Ball
3-0: Called Strike
3-1: Called Strike
3-2: Base on Balls
Batting: RHB Tony Reyes 0-0: Ball
1-0: Called Strike
1-1: Ball
2-1: Ball
3-1: Foul Ball, location: 2F
3-2: Foul Ball, location: 2F
3-2: Base on Balls
Sam Barnes to second
Batting: RHB Juan Rico 0-0: Called Strike
0-1: Ball
1-1: Ball
2-1: Ball
3-1: Ground out 2-3 (Groundball, 25)
Sam Barnes to third
Tony Reyes to second
Batting: RHB Keith Ford 0-0: Ball
1-0: DOUBLE (Line Drive, 89XD)
Sam Barnes scores
Tony Reyes scores
Batting: RHB Lu-fang Huie 0-0: Called Strike
0-1: Swinging Strike
0-2: Ball
1-2: Foul Ball, location: 2F
1-2: Foul Ball, location: 2F
1-2: Ball
2-2: Ball
3-2: Base on Balls
Batting: RHB David Murray 0-0: Ball
1-0: Swinging Strike
1-1: Ball
2-1: Swinging Strike
2-2: Ball
3-2: Base on Balls
Keith Ford to third
Lu-fang Huie to second
Batting: LHB Ricardo Romero 0-0: Called Strike
0-1: Ball
1-1: Ball
2-1: Ball
3-1: Foul Ball, location: 2F
3-2: Strikes out swinging
Batting: LHB Tom Mullins 0-0: Ball
1-0: Fly out, F8 (Flyball, 8RD)
Bottom of the 2nd over - 2 run(s), 1 hit(s), 0 error(s), 3 left on base; Gresham 0 - Lansing 2
TOP OF THE 3RD
Gresham Gold Souls batting - Pitching for Lansing Lugnuts : LHP Juan Barrera
Batting: RHB Kazushige Aoki 0-0: Called Strike
0-1: Foul Ball, location: 2F
0-2: Ball
1-2: Ground out 5-3 (Groundball, 5)
Batting: SHB Todd Smith 0-0: Ball
1-0: Ball
2-0: Called Strike
2-1: Foul Ball, location: 2F
2-2: Ball
3-2: SINGLE (Groundball, 6MD)
Batting: RHB Manuel Cortéz 0-0: Called Strike
0-1: Ball
1-1: Called Strike
1-2: Fielders Choice at 2nd, 6-4 (Groundball, 6M)
Batting: RHB Arturo Rodríguez 0-0: Swinging Strike
0-1: Ball
1-1: Ball
2-1: Fly out, F8 (Flyball, 8RXD)
Top of the 3rd over - 0 run(s), 1 hit(s), 0 error(s), 1 left on base; Gresham 0 - Lansing 2
BOTTOM OF THE 3RD
Lansing Lugnuts batting - Pitching for Gresham Gold Souls : RHP Raúl Contreras
Batting: RHB Michael Barraclough 0-0: Called Strike
0-1: Ball
1-1: Called Strike
1-2: Strikes out swinging
Batting: LHB Sam Barnes 0-0: Ball
1-0: Ground out 4-3 (Groundball, 4M)
Batting: RHB Tony Reyes 0-0: Called Strike
0-1: Ball
1-1: Ball
2-1: Ball
3-1: Foul Ball, location: 2F
3-2: Foul Ball, location: 2F
3-2: Fly out, F7 (Flyball, 78M)
Bottom of the 3rd over - 0 run(s), 0 hit(s), 0 error(s), 0 left on base; Gresham 0 - Lansing 2
TOP OF THE 4TH
Gresham Gold Souls batting - Pitching for Lansing Lugnuts : LHP Juan Barrera
Batting: RHB Lorenzo Morín 0-0: Foul Ball, location: 2F
0-1: SINGLE (Groundball, 56D)
Batting: RHB Alejandro Martínez 0-0: Called Strike
0-1: SINGLE (Line Drive, 6M)
Lorenzo Morín to second
Batting: RHB Pablo Castillo 0-0: Swinging Strike
0-1: Ball
1-1: Called Strike
1-2: Strikes out swinging
Batting: RHB Juan Acuña 0-0: Ball
1-0: Foul Ball, location: 2F
1-1: Swinging Strike
1-2: Ball
2-2: Ball
3-2: Foul Ball, location: 2F
3-2: DOUBLE (Line Drive, 9LD)
Lorenzo Morín scores
Alejandro Martínez to third
Batting: LHB Bill Smith 0-0: Foul Ball, location: 2F
0-1: Foul Ball, location: 2F
0-2: Ground out 4-3 (Groundball, 34)
Alejandro Martínez scores
Juan Acuña to third
Batting: RHB Kazushige Aoki 0-0: Swinging Strike
0-1: Swinging Strike
0-2: Foul Ball, location: 2F
0-2: Foul Ball, location: 2F
0-2: Strikes out swinging
Top of the 4th over - 2 run(s), 3 hit(s), 0 error(s), 1 left on base; Gresham 2 - Lansing 2
BOTTOM OF THE 4TH
Lansing Lugnuts batting - Pitching for Gresham Gold Souls : RHP Raúl Contreras
Batting: RHB Juan Rico 0-0: Called Strike
0-1: Foul Ball, location: 2F
0-2: Ball
1-2: Foul Ball, location: 2F
1-2: Strikes out swinging
Batting: RHB Keith Ford 0-0: Called Strike
0-1: Ball
1-1: Foul Ball, location: 2F
1-2: Foul Ball, location: 2F
1-2: Foul Ball, location: 2F
1-2: Foul Ball, location: 2F
1-2: SINGLE (Flyball, 6MD)
Batting: RHB Lu-fang Huie 0-0: Ball
1-0: Ball
2-0: Swinging Strike
2-1: Fielders Choice at 2nd, 1-6 (Groundball, 13S)
Batting: RHB David Murray 0-0: Called Strike
Lu-fang Huie steals 2nd base
0-1: Ball
1-1: Called Strike
1-2: Ball
2-2: Strikes out swinging
Bottom of the 4th over - 0 run(s), 1 hit(s), 0 error(s), 1 left on base; Gresham 2 - Lansing 2
TOP OF THE 5TH
Gresham Gold Souls batting - Pitching for Lansing Lugnuts : LHP Juan Barrera
Batting: SHB Todd Smith 0-0: Called Strike
0-1: Ball
1-1: Ball
2-1: SINGLE (Groundball, 34D)
Batting: RHB Manuel Cortéz 0-0: Called Strike
0-1: Foul Ball, location: 2F
0-2: Strikes out looking
Batting: RHB Arturo Rodríguez 0-0: Ball
1-0: Called Strike
1-1: Ball
2-1: Ground out 5-3 (Groundball, 5S)
Todd Smith to second
Batting: RHB Lorenzo Morín 0-0: Called Strike
0-1: Ball
1-1: Ball
2-1: Swinging Strike
2-2: Ground out 5-3 (Groundball, 5L)
Top of the 5th over - 0 run(s), 1 hit(s), 0 error(s), 1 left on base; Gresham 2 - Lansing 2
BOTTOM OF THE 5TH
Lansing Lugnuts batting - Pitching for Gresham Gold Souls : RHP Raúl Contreras
Pitching: RHP León Trevino
Batting: LHB Ricardo Romero 0-0: Called Strike
0-1: Swinging Strike
0-2: Strikes out looking
Batting: LHB Tom Mullins 0-0: Called Strike
0-1: Called Strike
0-2: Ball
1-2: Ground out 4-3 (Groundball, 4)
Batting: RHB Michael Barraclough 0-0: Ground out 5-3 (Groundball, 5S)
Bottom of the 5th over - 0 run(s), 0 hit(s), 0 error(s), 0 left on base; Gresham 2 - Lansing 2
TOP OF THE 6TH
Gresham Gold Souls batting - Pitching for Lansing Lugnuts : LHP Juan Barrera
Batting: RHB Alejandro Martínez 0-0: Ball
1-0: Called Strike
1-1: Swinging Strike
1-2: Strikes out swinging
Batting: RHB Pablo Castillo 0-0: Foul Ball, location: 2F
0-1: Ground out 4-3 (Groundball, 4M)
Batting: RHB Juan Acuña 0-0: Ball
1-0: DOUBLE (Flyball, 78M)
Batting: LHB Bill Smith 0-0: Ball
1-0: Swinging Strike
1-1: Foul Ball, location: 2F
1-2: Ball
2-2: Fly out, F8 (Flyball, 8RS)
Top of the 6th over - 0 run(s), 1 hit(s), 0 error(s), 1 left on base; Gresham 2 - Lansing 2
BOTTOM OF THE 6TH
Lansing Lugnuts batting - Pitching for Gresham Gold Souls : RHP León Trevino
Batting: LHB Sam Barnes 0-0: Called Strike
0-1: Foul Ball, location: 2F
0-2: Foul Ball, location: 2F
0-2: Ball
1-2: SINGLE (Flyball, 89S)
Batting: RHB Tony Reyes 0-0: Called Strike
0-1: Ball
1-1: Ball
2-1: SINGLE (Groundball, 56D)
Sam Barnes to second
Batting: RHB Juan Rico 0-0: Grounds into double play, 6-4-3 (Groundball, 6)
Sam Barnes to third
Batting: RHB Keith Ford 0-0: Ball
1-0: Ground out 4-3 (Groundball, 4M)
Bottom of the 6th over - 0 run(s), 2 hit(s), 0 error(s), 1 left on base; Gresham 2 - Lansing 2
TOP OF THE 7TH
Gresham Gold Souls batting - Pitching for Lansing Lugnuts : LHP Juan Barrera
Pitching: RHP Dae-hee Ch'oe
Pinch Hitting: SHB Sean Carr 0-0: Ball
1-0: Ball
2-0: Ball
3-0: Base on Balls
Pinch Runner at 1st Daniel Guerrero:
Batting: SHB Todd Smith 0-0: Ball
1-0: Ball
2-0: Called Strike
2-1: Bunt - Flyout! F2
Pinch Hitting: LHB Jeff McKinney 0-0: Called Strike
0-1: Ball
1-1: Swinging Strike
1-2: Strikes out looking
Batting: RHB Arturo Rodríguez 0-0: Ball
1-0: Ball
Daniel Guerrero steals 2nd base
2-0: Called Strike
2-1: Ground out 5-3 (Groundball, 56)
Top of the 7th over - 0 run(s), 0 hit(s), 0 error(s), 1 left on base; Gresham 2 - Lansing 2
BOTTOM OF THE 7TH
Lansing Lugnuts batting - Pitching for Gresham Gold Souls : RHP León Trevino
Pitching: RHP José González
Now at 2B: Orlando Aguirre
Now at SS: Valentino Agnelli
Pinch Hitting: LHB Don Ramey 0-0: Called Strike
0-1: Swinging Strike
0-2: Ball
1-2: Ball
2-2: Foul Ball, location: 2F
2-2: Ground out 4-3 (Groundball, 4)
Batting: RHB David Murray 0-0: Ground out 1-3 (Groundball, 15)
Batting: LHB Ricardo Romero 0-0: Called Strike
0-1: Reached on Error, E9 (Flyball, 9D)
Batting: LHB Tom Mullins 0-0: Fly out, F7 (Flyball, 7D)
Bottom of the 7th over - 0 run(s), 0 hit(s), 1 error(s), 1 left on base; Gresham 2 - Lansing 2
TOP OF THE 8TH
Gresham Gold Souls batting - Pitching for Lansing Lugnuts : RHP Dae-hee Ch'oe
Now in LF: Don Ramey
Batting: RHB Lorenzo Morín 0-0: Ball
1-0: Ground out 4-3 (Groundball, 4)
Batting: RHB Alejandro Martínez 0-0: Ball
1-0: Ball
2-0: Foul Ball, location: 2F
2-1: Swinging Strike
2-2: Strikes out swinging
Batting: RHB Pablo Castillo 0-0: Ball
1-0: Ball
2-0: Called Strike
2-1: Fly out, F8 (Flyball, 8RXD)
Top of the 8th over - 0 run(s), 0 hit(s), 0 error(s), 0 left on base; Gresham 2 - Lansing 2
BOTTOM OF THE 8TH
Lansing Lugnuts batting - Pitching for Gresham Gold Souls : RHP José González
Batting: RHB Michael Barraclough 0-0: SINGLE (Line Drive, 9LS)
Batting: LHB Sam Barnes Pickoff Throw to First - Out!
0-0: Called Strike
0-1: Called Strike
0-2: Strikes out looking
Batting: RHB Tony Reyes 0-0: Called Strike
0-1: Foul Ball, location: 2F
0-2: Foul Ball, location: 2F
0-2: Fly out, F8 (Popup, 4MD)
Bottom of the 8th over - 0 run(s), 1 hit(s), 0 error(s), 0 left on base; Gresham 2 - Lansing 2
TOP OF THE 9TH
Gresham Gold Souls batting - Pitching for Lansing Lugnuts : RHP Dae-hee Ch'oe
Pitching: RHP António Ramírez
Pinch Hitting: LHB Salvador Ruíz 0-0: Ball
1-0: Called Strike
1-1: Fly out, F6 (Line Drive, 6M)
Batting: LHB Bill Smith 0-0: Ball
1-0: Ball
2-0: Fly out, F9 (Flyball, 89M)
Pinch Hitting: RHB Matt Davidson 0-0: Ball
1-0: Foul Ball, location: 2F
1-1: SINGLE (Groundball, 5D)
Batting: SHB Todd Smith 0-0: Called Strike
0-1: Ball
1-1: Swinging Strike
1-2: Foul Ball, location: 2F
1-2: Strikes out swinging
Top of the 9th over - 0 run(s), 1 hit(s), 0 error(s), 1 left on base; Gresham 2 - Lansing 2
BOTTOM OF THE 9TH
Lansing Lugnuts batting - Pitching for Gresham Gold Souls : RHP José González
Pitching: LHP Pepe Caro
Now at 3B: Matt Davidson
Now at SS: Jim Edgar
Pinch Hitting: RHB Billy Campbell 0-0: Ball
1-0: Ground out 6-3 (Groundball, 6)
Batting: RHB Keith Ford 0-0: Ball
1-0: Foul Ball, location: 2F
1-1: SINGLE (Groundball, 56S)
Pinch Hitting: RHB Taki Chikafuji 0-0: Ball
1-0: Fly out, F7 (Popup, 6D)
Batting: RHB David Murray 0-0: SINGLE (Groundball, 15S) (infield hit)
Keith Ford to second
Pinch Hitting: RHB Douglas Davis 0-0: Ball
1-0: Ground out 5-3 (Groundball, 56)
Bottom of the 9th over - 0 run(s), 2 hit(s), 0 error(s), 2 left on base; Gresham 2 - Lansing 2
TOP OF THE 10TH
Gresham Gold Souls batting - Pitching for Lansing Lugnuts : RHP António Ramírez
Now at 2B: Kun Liu
Now at 3B: Júlio Caraballo
Now in LF: Taki Chikafuji
Batting: RHB Orlando Aguirre 0-0: Fly out, F3 (Popup, 3S)
Batting: RHB Arturo Rodríguez 0-0: Ball
1-0: Fly out, F8 (Flyball, 8LXD)
Batting: RHB Lorenzo Morín 0-0: Called Strike
0-1: Ball
1-1: Foul Ball, location: 2F
1-2: Strikes out looking
Top of the 10th over - 0 run(s), 0 hit(s), 0 error(s), 0 left on base; Gresham 2 - Lansing 2
BOTTOM OF THE 10TH
Lansing Lugnuts batting - Pitching for Gresham Gold Souls : LHP Pepe Caro
Batting: LHB Tom Mullins 0-0: Ball
1-0: Ball
2-0: Fly out, F7 (Line Drive, 78M)
Batting: RHB Michael Barraclough 0-0: Ball
1-0: Foul Ball, location: 2F
1-1: Called Strike
1-2: Foul Ball, location: 2F
1-2: Ball
2-2: Ground out 1-3 (Groundball, 23)
Pinch Hitting: RHB Sadao Kimura 0-0: Ball
1-0: Foul Ball, location: 2F
1-1: Called Strike
1-2: Ball
2-2: Strikes out looking
Bottom of the 10th over - 0 run(s), 0 hit(s), 0 error(s), 0 left on base; Gresham 2 - Lansing 2
TOP OF THE 11TH
Gresham Gold Souls batting - Pitching for Lansing Lugnuts : RHP António Ramírez
Pitching: RHP Asher Zasko
Now in CF: Sadao Kimura
Batting: RHB Alejandro Martínez 0-0: Ball
1-0: Foul Ball, location: 2F
1-1: Foul Ball, location: 2F
1-2: Ball
2-2: SINGLE (Flyball, 9LS) - OUT at second base trying to stretch hit.
Batting: RHB Pablo Castillo 0-0: Called Strike
0-1: Foul Ball, location: 2F
0-2: Strikes out swinging
Batting: RHB Jim Edgar 0-0: Ball
1-0: Swinging Strike
1-1: Foul Ball, location: 2F
1-2: Fly out, F9 (Flyball, 89D)
Top of the 11th over - 0 run(s), 1 hit(s), 0 error(s), 0 left on base; Gresham 2 - Lansing 2
BOTTOM OF THE 11TH
Lansing Lugnuts batting - Pitching for Gresham Gold Souls : LHP Pepe Caro
Batting: RHB Tony Reyes 0-0: Fly out, F6 (Popup, 56)
Batting: RHB Júlio Caraballo 0-0: Ball
1-0: Ball
2-0: Ball
3-0: Base on Balls
Batting: RHB Keith Ford 0-0: Foul Ball, location: 2F
0-1: Ball
1-1: DOUBLE (Flyball, 89D)
Júlio Caraballo to third
Runner from 3rd tries for Home, throw and OUT!
Batting: RHB Taki Chikafuji 0-0: Called Strike
0-1: Foul Ball, location: 2F
0-2: Foul Ball, location: 2F
0-2: Foul Ball, location: 2F
0-2: Foul Ball, location: 2F
0-2: Foul Ball, location: 2F
0-2: Ground out 6-3 (Groundball, 6)
Bottom of the 11th over - 0 run(s), 1 hit(s), 0 error(s), 1 left on base; Gresham 2 - Lansing 2
TOP OF THE 12TH
Gresham Gold Souls batting - Pitching for Lansing Lugnuts : RHP Asher Zasko
Batting: LHB Bill Smith 0-0: Called Strike
0-1: Ball
1-1: Swinging Strike
1-2: Foul Ball, location: 2F
1-2: Ball
2-2: Ball
3-2: Strikes out looking
Batting: RHB Matt Davidson 0-0: Ball
1-0: Called Strike
1-1: Foul Ball, location: 2F
1-2: Ball
2-2: Foul Ball, location: 2F
2-2: SOLO HOME RUN (Flyball, 7D), Distance : 413 ft
Pitching: RHP Juan Álvarez
Batting: SHB Todd Smith 0-0: Foul Ball, location: 2F
0-1: Swinging Strike
0-2: SINGLE (Groundball, 6M)
Batting: RHB Orlando Aguirre 0-0: Called Strike
0-1: Foul Ball, location: 2F
0-2: Ball
1-2: Foul Ball, location: 2F
1-2: Ball
Todd Smith steals 2nd base
2-2: Ball
3-2: Strikes out swinging
Batting: RHB Arturo Rodríguez 0-0: Ball
1-0: Ball
2-0: Ball
3-0: Called Strike
3-1: Foul Ball, location: 2F
3-2: Base on Balls
Batting: RHB Lorenzo Morín 0-0: Called Strike
0-1: Called Strike
0-2: Ball
1-2: Strikes out swinging
Top of the 12th over - 1 run(s), 2 hit(s), 0 error(s), 2 left on base; Gresham 3 - Lansing 2
BOTTOM OF THE 12TH
Lansing Lugnuts batting - Pitching for Gresham Gold Souls : LHP Pepe Caro
Batting: RHB David Murray 0-0: Called Strike
0-1: Swinging Strike
0-2: Ball
1-2: Foul Ball, location: 2F
1-2: Ball
2-2: SINGLE (Line Drive, 7S)
Batting: RHB Kun Liu 0-0: Called Strike
David Murray steals 2nd base
0-1: Foul Ball, location: 2F
0-2: Ball
1-2: Strikes out looking
Batting: LHB Tom Mullins 0-0: Called Strike
0-1: Ball
1-1: Ball
2-1: Swinging Strike
2-2: Strikes out looking
Batting: RHB Michael Barraclough 0-0: Swinging Strike
0-1: Ball
1-1: Ball
2-1: Foul Ball, location: 2F
2-2: Foul Ball, location: 2F
2-2: Foul Ball, location: 2F
2-2: Foul Ball, location: 2F
2-2: Foul Ball, location: 2F
2-2: Ball
3-2: Foul Ball, location: 2F
3-2: Fly out, F9 (Flyball, 89M)
Bottom of the 12th over - 0 run(s), 1 hit(s), 0 error(s), 1 left on base; Gresham 3 - Lansing 2
This league is powered by Out of the Park Baseball, the baseball management simulation game for PC, Mac and Linux
Tuesday, August 2nd, 2016 - OOTP Baseball 16.8 Build 38